 Dungeon Crawl Stone Soup version 0.18-a0-1120-g03bd624 (webtiles) character file.

95 namelastname112 the Insei (level 4, -7/23 HPs)
             Began as a Vine Stalker Monk on Jan 17, 2016.
             Mangled by a gnoll
             ... wielding a +0 spear
              (11 damage)
             ... on level 2 of the Dungeon.
             The game lasted 00:03:34 (1533 turns).

namelastname112 the Insei (Vine Stalker Monk)       Turns: 1533, Time: 00:03:35

Health: -7/23      AC:  2    Str: 15    XL:     4   Next: 65%
Magic:  0/5        EV: 13    Int: 10    God:
Gold:   61         SH:  0    Dex: 20    Spells: 0 memorised, 3 levels left

rFire  . . .     SeeInvis .       - Unarmed
rCold  . . .     Gourm    .     a - +0 robe
rNeg   . . .     Faith    .     (no shield)
rPois  .         Spirit   +     (no helmet)
rElec  .         Dismiss  .     (no cloak)
rCorr  .         Reflect  .     (no gloves)
SustAt .         Harm     .     (no boots)
MR     .....                    (no amulet)
Stlth  ++........               (no ring)
                                c - +4 ring of dexterity

@: not resistant to hostile enchantments, unstealthy
A: fangs 2, regeneration 1, magic shield, antimagic bite, no device heal 3, rot
immunity
a: no special abilities


You were on level 2 of the Dungeon.
You were very hungry.

You visited 1 branch of the dungeon, and saw 2 of its levels.

You collected 61 gold pieces.

Inventory:

Armour
 a - a +0 robe (worn)
Jewellery
 c - a +4 ring of dexterity (left hand)
Scrolls
 e - a scroll of amnesia {unknown}
 i - a scroll of identify {unknown}
 k - a scroll of enchant weapon {unknown}
Potions
 d - a potion of might {unknown}
 f - a potion of heal wounds {unknown}
 g - a potion of lignification {unknown}
 h - a potion of curing {unknown}
Comestibles
 b - a bread ration
 j - a meat ration


   Skills:
 - Level 2.6 Fighting
 - Level 2.4 Dodging
 - Level 2.4 Stealth
 + Level 5.9 Unarmed Combat


You had 3 spell levels left.
You didn't know any spells.

Dungeon Overview and Level Annotations

Branches:
Dungeon (2/15)

Altars:
Nemelex Xobeh


Innate Abilities, Weirdness & Mutations

You have extremely sharp teeth.
Your natural rate of healing is unusually fast.
When hurt, damage is shared between your health and your magic reserves.
Your bite disrupts and absorbs the magic of your enemies.
Potions and wands cannot restore your health.
You are immune to rotting.


Message History

You closely miss the gnoll. You bite the gnoll. You drain its power.
You feel invigorated.
The gnoll is severely wounded.
The gnoll hits you with a spear. The gnoll barely misses you.
You hit the gnoll but do no damage. You punch the gnoll.
Your bite misses the gnoll.
The gnoll is severely wounded.
The gnoll hits you with a spear!
* * * LOW HITPOINT WARNING * * *
The gnoll closely misses you. The gnoll barely misses you.
The gnoll hits you from afar with a spear!
* * * LOW HITPOINT WARNING * * *
The gnoll hits you from afar with a spear.
* * * LOW HITPOINT WARNING * * *
You are feeling very hungry.
There is an open door here.
There is an open door here.
The gnoll hits you from afar with a spear!
You die...

.................#
#.###.###...##
........##'#.#+### #.###.#
#...##
........##.#.#.#####..##.#
#...##
[.......##.#.#.#......##.#
#...##
.#########'#.#.#......##.#
#...#
+####........#.#.......#†#
#...#
...##........'.#.....#'#.##
...#
...##........###..........#
....+(.......gg'@.........#
...##........###..........#
....+........# #..........#
...##........# #.....###..#
#####........# #.....# ##.#
#####........# #.....# #..
.............# ####### ##.#
......######## ....#
..)...#########
###########...###


You could see 2 gnolls.

Vanquished Creatures
  A gnoll (D:2)
  An adder (D:2)
  2 oozes (D:1)
  3 worms (D:2)
  A giant gecko (D:2)
  6 bats
  2 giant cockroaches
  10 goblins
  6 hobgoblins
  6 jackals
  2 kobolds (D:1)
  2 quokkas (D:2)
  A ball python (D:2)
  6 giant newts
  7 rats (D:1)
56 creatures vanquished.

Notes
Turn   | Place    | Note
--------------------------------------------------------------
     0 | D:1      | namelastname112 the Vine Stalker Monk began the quest for the Orb.
     0 | D:1      | Reached XP level 1. HP: 11/11 MP: 2/2
    42 | D:1      | Reached XP level 2. HP: 7/16 MP: 3/3
   196 | D:1      | Reached XP level 3. HP: 17/19 MP: 4/4
   263 | D:1      | Reached skill level 5 in Unarmed Combat
   908 | D:2      | Found a sparkling altar of Nemelex Xobeh.
   915 | D:2      | Reached XP level 4. HP: 23/23 MP: 5/5
  1522 | D:2      | HP: 1/23 [gnoll/spear (2)]
  1533 | D:2      | Mangled by a gnoll

Vault maps used:
D:1:      erik_arrival_gehennom
D:2:      nemelex_xobeh_ov_fountains_minmay

Action                   |  1- 3 |  4- 6 || total
-------------------------+-------+-------++-------
Melee: Unarmed           |    72 |    63 ||   135
 Stab: Sleeping          |    14 |     8 ||    22
  Eat: Chunk             |       |     1 ||     1
